 Dungeon Crawl Stone Soup version 0.30-b1-2-g02819fbbbe (webtiles) character file.

Game seed: 4707437730822203998

1899 Ashen the Ogre Mage (level 9, -8/85 HPs)
             Began as an Ogre Ice Elementalist on Jan 19, 2024.
             Mangled by a hornet (10 damage)
             ... on level 7 of the Dungeon.
             The game lasted 00:13:29 (7313 turns).

Ashen the Ogre Mage (Ogre Ice Elementalist)         Turns: 7313, Time: 00:13:30

Health: -8/85      AC:  5    Str: 17    XL:     9   Next: 15%
Magic:  18/18      EV: 10    Int: 20    God:
Gold:   238        SH:  0    Dex:  9    Spells: 9/21 levels left

rFire   . . .        D - +2 dire flail
rCold   + . .        (shield currently unavailable)
rNeg    + . .        A - +1 robe of a ziggurat {Fly rF+ rCorr}
rPois   .            (helmet restricted)
rElec   .            p - +0 cloak
rCorr   +            (gloves unavailable)
SInv    .            (boots unavailable)
Will    .....        x - amulet of Cyupsoc {RegenMP Str+3 Stlth+}
Stlth   +++          t - ring of ice
HPRegen 0.34/turn    q - ring of positive energy
MPRegen 0.56/turn

%: no passive effects
@: lethally poisoned (-8 -> -26), flying, slowed, very slow
A: large, unfitting armour, tough skin 1
a: no special abilities


You were on level 7 of the Dungeon.
You visited 2 branches of the dungeon, and saw 8 of its levels.

You collected 348 gold pieces.
You spent 110 gold pieces at shops.

Inventory:

Hand Weapons
 l - a +2 dagger of freezing
 D - a +2 dire flail (weapon)
Missiles
 k - a throwing net
Armour
 p - a +0 cloak (worn)
 A - the +1 robe of a ziggurat (worn) {Fly rF+ rCorr}
   (You found it on level 6 of the Dungeon)

   rF:        It protects you from fire.
   Fly:       It grants you flight.
   rCorr:     It protects you from acid and corrosion.
Jewellery
 q - a ring of positive energy (right hand)
 t - a ring of ice (left hand)
 x - the amulet of Cyupsoc (around neck) {RegenMP Str+3 Stlth+}
   (You found it on level 4 of the Dungeon)

   [amulet of magic regeneration]

   It increases your rate of magic regeneration.
   Str:       It affects your strength (+3).
   Stlth:     It makes you more stealthy.
Wands
 C - a wand of quicksilver (4)
Scrolls
 a - a scroll of magic mapping {unknown}
 d - 13 scrolls of identify {unknown}
 e - a scroll of enchant armour {unknown}
 f - 2 scrolls of enchant weapon {unknown}
 g - a scroll of amnesia {unknown}
 n - a scroll of silence {unknown}
 o - 3 scrolls of teleportation {unknown}
 v - a scroll of vulnerability {unknown}
 y - a scroll of immolation {unknown}
Potions
 b - 4 potions of magic
 c - 3 potions of flight {unknown}
 h - 2 potions of curing {unknown}
 i - 3 potions of haste
 j - a potion of lignification {unknown}
 r - 2 potions of might
 s - 2 potions of brilliance {unknown}
 u - 2 potions of heal wounds {unknown}
 w - 2 potions of degeneration {unknown}
 z - a potion of mutation {unknown}
 B - 2 potions of attraction {unknown}


   Skills:
 + Level 4.7 Fighting
 + Level 3.0 Maces & Flails
 + Level 3.7 Dodging
 - Level 3.0 Stealth
 * Level 6.6 Spellcasting
 * Level 3.8 Conjurations
 * Level 6.2 Ice Magic


You had 9 spell levels left.
You knew the following spells:

 Your Spells              Type           Power      Damage    Failure   Level
a - Freeze                Ice            100%       1d10      1%          1
b - Frozen Ramparts       Ice            94%        1d15      2%          3
c - Ozocubu's Armour      Ice            47%        N/A       2%          3
d - Magic Dart            Conj           84%        1d7       1%          1
e - Summon Ice Beast      Ice/Summ       28%        N/A       26%         4

Your spell library contained the following spells:

 Spells                   Type           Power      Damage    Failure   Level
 Searing Ray              Conj           42%        2d6       3%          2
 Kiss of Death            Conj/Necr      56%        2d9       4%          1
 Confusing Touch          Hex            6%         N/A       30%         3
 Fulminant Prism          Conj/Hex       7%         3d7       41%         4
 Dispel Undead            Necr           6%         3d8       69%         4


Dungeon Overview and Level Annotations

Branches:
Dungeon (7/15)             Temple (1/1) D:5

Altars:
Ashenzari
Cheibriados
Elyvilon
Hepliaklqana
Kikubaaqudgha
Makhleb
Nemelex Xobeh
Okawaru
Qazlal
Ru
Sif Muna
Trog
Uskayaw
Xom
Yredelemnul
Zin
The Shining One

Shops:
D:5 *

Annotations:
D:7 3 runed translucent doors, HawkII's ghost, novice HuFi


Innate Abilities, Weirdness & Mutations

You are too large for most types of armour.
You have tough skin. (AC +1)


Message History

Aiming: Freeze (safe; 1% risk of failure)
Press: ? - help, Shift-Dir - straight line, f/p - hornet
Aim: a hornet (lightly wounded)
You feel a surge of power!
You freeze the hornet.
The hornet is lightly wounded.
You feel very sick. The hornet stings you.
You feel as though you will be slow longer.
The hound bites you but does no damage. The hornet stings you!
You are more poisoned.
You feel as though you will be slow longer.
The hound barely misses you. The hornet stings you.
* * * LOW HITPOINT WARNING * * *
You feel as though you will be slow longer.
Aiming: Quicksilver Bolt
Press: ? - help, Shift-Dir - straight line, f/p - hornet
Aim: a hornet (lightly wounded, 57% to hit)
The bolt of dispelling energy misses the hornet.
* * * LOW HITPOINT WARNING * * *
You feel extremely sick. The hound bites you.
* * * LOW HITPOINT WARNING * * *
The hornet stings you but does no damage.
The hound bites you but does no damage. The hornet stings you.
* * * LOW HITPOINT WARNING * * *
You are more poisoned.
You feel as though you will be slow longer.
The hound bites you.
* * * LOW HITPOINT WARNING * * *
Aiming: Quicksilver Bolt
Press: ? - help, Shift-Dir - straight line, f/p - hornet
Aim: a hornet (lightly wounded, 57% to hit)
The bolt of dispelling energy misses the hornet.
* * * LOW HITPOINT WARNING * * *
You feel extremely sick. The hornet stings you.
* * * LOW HITPOINT WARNING * * *
You feel as though you will be slow longer.
The hound bites you but does no damage. The hornet stings you!
You die...

#.........#.# #.# #
#..........##.####.# #
#.............#....# .
#...........###.#### #
#.........#.# #.#
#.........#.###.#
#.........#..##.######
#...y.....##....##....
#...h@....####.....###
#.........# ##.#...#
#.........# #.....##
########### #####...
######' #####......
#...[......
#..........
#...)).....


You could see a hornet and a hound.

Vanquished Creatures
  Prince Ribbit (D:7)
  A water moccasin (D:5)
  A black bear (D:5)
  A sky beast (D:6)
  2 ice beasts (D:6)
  A phantom (D:5)
  3 bullfrogs (D:6)
  2 scorpions (D:4)
  3 wights (D:7)
  4 jellies
  2 hounds
  2 orc priests (D:5)
  An iguana (D:7)
  2 orc wizards
  Natasha (thrice) (D:3)
  12 adders
  7 gnolls
  2 white imps
  3 ufetubi
  A worm (D:2)
  3 dart slugs
  10 orcs
  5 endoplasms
  4 giant cockroaches
  4 goblins
  7 hobgoblins
  10 jackals
  5 quokkas
  4 ball pythons
  6 bats
  3 frilled lizards (D:1)
  10 kobolds
  3 rats
128 creatures vanquished.

Notes
Turn   | Place    | Note
-------+----------+-------------------------------------------
     0 | D:1      | Ashen the Ogre Ice Elementalist began the quest for the
                  | Orb.
     0 | D:1      | Reached XP level 1. HP: 16/16 MP: 3/3
   315 | D:1      | Reached XP level 2. HP: 26/26 MP: 3/5
   732 | D:1      | Reached XP level 3. HP: 28/32 MP: 1/7
   760 | D:1      | Reached skill level 1 in Fighting
  1163 | D:2      | Learned a level 3 spell: Frozen Ramparts
  1167 | D:2      | Learned a level 3 spell: Ozocubu's Armour
  1242 | D:2      | Reached XP level 4. HP: 37/41 MP: 2/8
  1757 | D:2      | Reached XP level 5. HP: 49/49 MP: 5/10
  1884 | D:2      | Reached skill level 1 in Maces & Flails
  2588 | D:3      | Noticed Natasha
  2594 | D:3      | Killed Natasha
  2774 | D:3      | Noticed Natasha
  2776 | D:3      | Found a sacrificial altar of Ru.
  2789 | D:3      | Killed Natasha
  2792 | D:3      | Learned a level 1 spell: Magic Dart
  2797 | D:3      | Learned a level 4 spell: Summon Ice Beast
  3043 | D:3      | Found a sacrificial altar of Ru.
  3047 | D:3      | Noticed Natasha
  3053 | D:3      | Killed Natasha
  3054 | D:3      | Reached XP level 6. HP: 42/58 MP: 9/12
  3810 | D:4      | Reached XP level 7. HP: 63/66 MP: 9/13
  3814 | D:4      | Reached skill level 1 in Conjurations
  3950 | D:4      | Identified the amulet of Cyupsoc {RegenMP Str+3 Stlth+}
  4559 | D:5      | Entered Level 5 of the Dungeon
  4563 | D:5      | Reached skill level 5 in Ice Magic
  4829 | D:5      | Reached skill level 5 in Spellcasting
  5063 | D:5      | Found Huigruk's General Store.
  5068 | D:5      | Bought a potion of haste for 110 gold pieces
  5115 | D:5      | Reached XP level 8. HP: 75/75 MP: 13/16
  5185 | D:5      | Found a staircase to the Ecumenical Temple.
  5194 | Temple   | Entered the Ecumenical Temple
  5592 | D:5      | Found a stormy altar of Qazlal.
  5929 | D:6      | Identified the +1 robe of a ziggurat {Fly rF+ rCorr}
  6684 | D:7      | Found a runed translucent gate.
  6684 | D:7      | Noticed HawkII's ghost (novice HuFi)
  6685 | D:7      | Found a runed translucent gate.
  6685 | D:7      | Found a runed translucent gate.
  6802 | D:7      | Reached XP level 9. HP: 53/85 MP: 18/18
  6976 | D:7      | Noticed Prince Ribbit
  6988 | D:7      | Killed Prince Ribbit
  7305 | D:7      | Noticed a hornet
  7313 | D:7      | HP: 4/85 [poisoned by a hornet]
  7313 | D:7      | Mangled by a hornet

Illustrated notes

Levels and vault maps discovered:
D:1:      psy_arrival_whirlpool, layout_loops_ring
D:2:      layout_loops_ring
D:3:      layout_rooms, old_standard_altar, minmay_misc_feat_iff,
          minmay_misc_feat_diagonals, uniq_natasha
D:4:      layout_layer_cave
D:5:      layout_basic, mainiacjoe_overflow_alcove_2,
          minmay_temple_entry_gardened_gates, serial_shops, shop,
          minmay_misc_feat_more_columns
D:6:      layout_cave_pools
D:7:      layout_basic, mainiacjoe_overflow_surrounded_room,
          biasface_ghost_orc_armoury, uniq_prince_ribbit1
Temple:   bh_familiar_temple

Skill      XL: |  1  2  3  4  5  6  7  8  9 |
---------------+----------------------------+-----
Spellcasting   | 3 4 5 6 |  6.6
Fighting       | 1 2 3 4 |  4.7
Ice Magic      | 4 5 6 |  6.2
Dodging        | 2 3 |  3.7
Maces & Flails | 1 2 3 |  3.0
Stealth        | 2 3 |  3.0
Conjurations   | 2 3 |  3.8

Action                     |  1- 3 |  4- 6 |  7- 9 || total
---------------------------+-------+-------+-------++-------
  Melee: Unarmed           |    14 |     4 |       ||    18
         Dagger            |       |    40 |    35 ||    75
         Flail             |       |       |   105 ||   105
         Dire flail        |       |       |    14 ||    14
   Cast: Freeze            |    48 |    95 |    53 ||   196
         Frozen Ramparts   |       |       |     5 ||     5
         Ozocubu's Armour  |       |       |     7 ||     7
  Evoke: Wand              |       |       |     2 ||     2
   Stab: Sleeping          |       |     3 |    12 ||    15
 Armour: Robe              |    11 |    28 |   101 ||   140
  Dodge: Dodged            |    25 |    59 |   124 ||   208
